 Dungeon Crawl Stone Soup version 0.17-a0-469-g696e5a1 (webtiles) character file.

4298 krae the Transmogrifier (level 10, -20/58 HPs)
             Began as an Octopode Transmuter on Apr 6, 2015.
             Was a High Priest of Cheibriados.
             Killed by the air
             ... invoked by Gastronok
              (40 damage)
             ... on level 8 of the Dungeon.
             The game lasted 01:05:30 (11123 turns).

krae the Transmogrifier (Octopode Transmuter)      Turns: 11123, Time: 01:05:30

Health: -20/58     AC:  5    Str: 21    XL:     10   Next: 32%
Magic:  18/18      EV: 21    Int: 27    God:    Cheibriados [*****.]
Gold:   249        SH:  0    Dex: 28    Spells: 5 memorised, 5 levels left

rFire  + + .     SeeInvis .     B - staff of death (curse)
rCold  . . .     Clarity  .     (no shield)
rNeg   + + .     SustAb   .     s - +2 hat
rPois  .         Gourm    .     A - amulet of inaccuracy (curse)
rElec  .         Spirit   .     o - +2 ring of protection (curse)
rCorr  .         Warding  .     t - ring of stealth
rMut   .         Stasis   .     x - +2 ring of dexterity
MR     .....                    c - ring of protection from fire
Stlth  ++++......               D - ring of the Forsaken Beggars {+Blink +Inv rF+ rN+}
                                (no ring)
                                (no ring)
                                (no ring)

@: very slow, not resistant to hostile enchantments, stealthy
A: almost no armour, amphibious, 8 rings, constrict 8, camouflage 1, gelatinous
body 1
a: Bend Time, Temporal Distortion, Slouch, Step From Time, Renounce Religion,
Evoke Blink, Evoke Invisibility


You were on level 8 of the Dungeon.
You worshipped Cheibriados.
Cheibriados was extremely pleased with you.
You were not hungry.

You visited 2 branches of the dungeon, and saw 11 of its levels.

You collected 361 gold pieces.
You spent 112 gold pieces at shops.


Innate Abilities, Weirdness & Mutations

You cannot wear most types of armour.
You are amphibious.
You can wear up to eight rings at the same time.
You can use your tentacles to constrict eight enemies at once.
Your skin changes colour to match your surroundings (Stealth).
Your rubbery body absorbs attacks (AC +1).


   Skills:
 - Level 1.0 Fighting
 + Level 7.7 Dodging
 + Level 8.2 Unarmed Combat
 + Level 5.6 Spellcasting
 + Level 8.6 Transmutations


You had 5 spell levels left.
You knew the following spells:

 Your Spells              Type           Power        Failure   Level  Hunger
c - Ice Form              Ice/Trmt       ####....     14%         4    ###....
v - Blade Hands           Trmt           ######....   6%          5    #####..
x - Spider Form           Trmt/Pois      ####......   3%          3    None
z - Beastly Appendage     Trmt           ######       1%          1    None
Z - Sticks to Snakes      Trmt           ######....   1%          2    None

Inventory:

Hand weapons
 b - a +1 blowgun
 i - a +0 hunting sling
 r - a +0 hunting sling
 y - a -1 executioner's axe
Missiles
 a - 12 sling bullets
 f - 84 arrows
 l - 64 stones (quivered)
 v - 9 poisoned needles
 E - a throwing net {=f}
Armour
 s - a +2 hat (worn)
 u - a +1 hat
Magical staves
 B - a cursed staff of death (weapon)
Jewellery
 c - a ring of protection from fire (on tentacle)
 o - a cursed +2 ring of protection (left tentacle)
 t - a ring of stealth (right tentacle)
 x - a +2 ring of dexterity (on tentacle)
 A - a cursed amulet of inaccuracy (around mantle)
 D - the ring of the Forsaken Beggars (on tentacle) {+Blink +Inv rF+ rN+}
   (You found it on level 9 of the Dungeon)

   [ring of positive energy]

   It protects you from fire.
   It protects you from negative energy.
   It lets you turn invisible.
   It lets you blink.
Magical devices
 h - a wand of teleportation (5) {!d@v4}
 m - a wand of fire (11)
 C - a wand of frost (6)
 J - a wand of digging (8)
 K - a wand of digging (19)
Scrolls
 e - a scroll of blinking
 k - a scroll of immolation {!r}
 w - 3 scrolls of recharging
 z - a scroll of identify {@r1}
Potions
 g - a potion of curing {@q1}
 j - a potion of might
 n - 5 potions of restore abilities
 p - a potion of cure mutation
Books
 d - a book of Changes
Comestibles
 q - 4 bread rations
 F - 3 meat rations
 G - 2 fruits
 H - 3 chunks of flesh
 I - a royal jelly

Dungeon Overview and Level Annotations

Branches:
Dungeon (10/15)            Temple (1/1) D:5
   Lair: D:8-11         Orc: D:9-12

Altars:
Ashenzari
Cheibriados
Dithmenos
Fedhas
Gozag
Kikubaaqudgha
Makhleb
Nemelex Xobeh
Okawaru
Qazlal
Ru
Sif Muna
Trog
Vehumet
Xom
Zin
The Shining One

Shops:
D:5 [

Annotations:
D:4 Grinder, Menkaure
D:7 exclusion: downstairs
D:8 Gastronok

.....#..)..#..........#.....##...
#....#.#####£........##.....##...
........o....##########.....##...
...###........# #.....##... ...#
#.####.#..# ##.....##... ...# #.#
#..#..######......##.#. .... ..#
#..#..........##### ## ... .##
#.....#...###....# . .
#.###x#.### ###... .
#....########## ##.#...?...r..
.........wb.....# ##...#########=
#..### ..# #


You could see Gastronok and a bat.


Message History

Found a cloak.
You see here a rat corpse.
You now have 232 gold pieces (gained 11).
J - a wand of digging Some of the chunks of flesh in your inventory have rotted away.
You now have 249 gold pieces (gained 17).
A hound comes into view.
The hound barks!
The hound closely misses you. The hound misses you.
You see here a wand of digging.
You pummel the hound!! You freeze the hound.
You kill the hound!
Cheibriados thoroughly appreciates the change of pace.
No target in view!
K - a wand of digging Your transformation is almost over.
Some of the chunks of flesh in your inventory have rotted away.
You warm up again.
Gastronok gurgles horribly!
Gastronok's eyestalks stretch out, then return to normal size.
Found a ring of protection from fire.
Gastronok's eyestalks quiver as he mumbles some strange words.
Gastronok waves his eye-stalks in wide circles.
The air twists around and strikes you!
Ouch! That really hurt!
* * * LOW HITPOINT WARNING * * *
Gastronok waves his eye-stalks in wide circles.
The air twists around and strikes you!
Ouch! That really hurt!
You die...

Action                   |  1- 3 |  4- 6 |  7- 9 | 10-12 || total
-------------------------+-------+-------+-------+-------++-------
Melee: Unarmed           |    68 |    93 |   349 |    54 ||   564
       Staff             |       |       |     2 |       ||     2
 Fire: Hunting sling     |       |    22 |    30 |       ||    52
       Blowgun           |       |    48 |   105 |       ||   153
 Cast: Beastly Appendage |    10 |    16 |    17 |       ||    43
       Sticks to Snakes  |     4 |     7 |     4 |       ||    15
       Spider Form       |       |       |    18 |     1 ||    19
       Blade Hands       |       |       |     1 |     4 ||     5
       Ice Form          |       |       |       |     2 ||     2
Evoke: Wand              |       |       |       |     5 ||     5
  Use: Potion            |     1 |       |     3 |       ||     4
       Scroll            |       |    13 |     9 |     1 ||    23
 Stab: Sleeping          |     8 |     5 |    32 |       ||    45
       Distracted        |       |       |     1 |       ||     1
  Eat: Chunk             |     1 |     6 |     6 |     3 ||    16
       Beef jerky        |     1 |       |     1 |       ||     2
       Bread ration      |       |     1 |     3 |       ||     4

Vault maps used:
D:1:      shiori_arrival_oz, minivault_25
D:2:      nicolae_overflow_hidden_temple, grunt_temple_overflow_open
D:3:      forest_paths, nicolae_ru_path_of_blood
D:4:      corexii_shack_village, nicolae_gozag_cash_rules_everything_around_me,
          first_bread, uniq_robin, uniq_menkaure, uniq_grinder
D:5:      beetle_altar_1, zin_treasury, minmay_temple_entry_grid, serial_shops,
          shop
D:6:      old_forge, nicolae_dithmenos_shadow_blocks
D:8:      old_standard_altar, yredelemnul_forgotten_temple_becter,
          uniq_gastronok
D:9:      hangedman_fish_farm
D:10:     lair_0_dummy, hiddenorc2_lemuel, roderic_roman_lattice
Temple:   roderic_octagonal_lattice_temple

Notes
Turn   | Place    | Note
--------------------------------------------------------------
     0 | D:1      | krae, the Octopode Transmuter, began the quest for the Orb.
     0 | D:1      | Reached XP level 1. HP: 13/13 MP: 3/3
   129 | D:1      | Reached XP level 2. HP: 6/18 MP: 3/5
   664 | D:2      | Reached XP level 3. HP: 5/23 MP: 4/6
   835 | D:2      | Learned a level 2 spell: Sticks to Snakes
  1034 | D:2      | Reached skill level 4 in Unarmed Combat
  1100 | D:2      | Found an iron altar of Okawaru.
  1101 | D:2      | Found a shattered altar of Ashenzari.
  1102 | D:2      | Found a deep blue altar of Sif Muna.
  1180 | D:2      | Found a blossoming altar of Fedhas.
  1806 | D:3      | Reached XP level 4. HP: 4/28 MP: 5/7
  2375 | D:4      | Reached skill level 3 in Dodging
  2428 | D:5      | Entered Level 5 of the Dungeon
  2497 | D:4      | Noticed Robin
  2539 | D:4      | Killed Robin
  2965 | D:3      | Reached XP level 5. HP: 31/33 MP: 6/8
  3161 | D:4      | Reached skill level 4 in Dodging
  3161 | D:4      | Reached skill level 5 in Unarmed Combat
  3194 | D:4      | Noticed a phantom
  3425 | D:4      | Reached XP level 6. HP: 38/38 MP: 9/9
  3525 | D:4      | Noticed Menkaure
  3525 | D:4      | Noticed Grinder
  4051 | D:4      | Paralysed by Grinder for 7 turns
  4243 | D:4      | Found an opulent altar of Gozag.
  4640 | D:5      | Reached skill level 5 in Dodging
  4644 | D:5      | Reached skill level 6 in Unarmed Combat
  4644 | D:5      | Reached XP level 7. HP: 32/43 MP: 8/10
  4725 | D:5      | Found a staircase to the Ecumenical Temple.
  4745 | Temple   | Entered the Ecumenical Temple
  4935 | D:5      | HP: 2/43 [acid (5)]
  5495 | D:5      | Noticed a phantom
  5764 | D:5      | Found a snail-covered altar of Cheibriados.
  5793 | D:5      | Became a worshipper of Cheibriados the Contemplative
  5884 | D:5      | Found Poer's Antique Armour Shoppe.
  5892 | D:5      | Bought a runed hat for 112 gold pieces
  5962 | D:5      | Found a glowing silver altar of Zin.
  6379 | D:6      | Identified a wand of teleportation
  6450 | D:6      | Found a shadowy altar of Dithmenos.
  6814 | D:6      | Reached skill level 6 in Dodging
  6814 | D:6      | Reached skill level 3 in Spellcasting
  6828 | D:6      | Acquired Cheibriados's first power
  6906 | D:7      | Noticed a hungry ghost
  6940 | D:7      | Killed a hungry ghost
  6940 | D:7      | Reached XP level 8. HP: 30/48 MP: 11/13
  7036 | D:6      | Reached skill level 7 in Unarmed Combat
  7695 | D:6      | Reached skill level 4 in Spellcasting
  7760 | D:6      | Reached skill level 3 in Transmutations
  8326 | D:7      | Reached skill level 7 in Dodging
  8579 | D:7      | Acquired Cheibriados's second power
  8829 | D:8      | Reached XP level 9. HP: 53/53 MP: 14/16
  8914 | D:8      | Noticed Gastronok
  9285 | D:9      | Learned a level 3 spell: Spider Form
  9599 | D:9      | Reached skill level 4 in Transmutations
  9804 | D:9      | Reached skill level 5 in Transmutations
  9950 | D:9      | Reached skill level 6 in Transmutations
 10069 | D:9      | Reached skill level 7 in Transmutations
 10143 | D:10     | Entered Level 10 of the Dungeon
 10143 | D:10     | Noticed a komodo dragon
 10191 | D:10     | Acquired Cheibriados's third power
 10230 | D:10     | Reached skill level 8 in Transmutations
 10280 | D:10     | Learned a level 4 spell: Ice Form
 10286 | D:10     | Learned a level 5 spell: Blade Hands
 10466 | D:9      | Reached XP level 10. HP: 39/58 MP: 11/17
 10480 | D:9      | Reached skill level 5 in Spellcasting
 10569 | D:9      | Reached skill level 8 in Unarmed Combat
 10913 | D:9      | Got a twitching platinum ring
 10914 | D:9      | Identified the ring of the Forsaken Beggars {+Blink +Inv rF+ rN+} (You found it on level 9 of the Dungeon)
 11074 | D:8      | Acquired Cheibriados's fourth power
 11123 | D:8      | Killed from afar by Gastronok

Vanquished Creatures
  A merfolk (D:9)
  A hippogriff (D:8)
  2 hungry ghosts
  4 yaks (D:9)
  2 sky beasts (D:9)
  2 orc warriors
  2 ogres (D:9)
  2 phantoms
  5 giant frogs
  10 killer bees
  8 scorpions
  2 giant frog zombies
  2 goliath beetles
  A jelly (D:5)
  A centaur zombie (D:9)
  3 crimson imps
  A centaur skeleton (D:6)
  7 hounds
  2 giant frog skeletons
  An iguana (D:9)
  2 orc priests
  4 worker ants
  6 orc wizards
  A mummy (D:9)
  A hound skeleton (D:6)
  Robin (D:4)
  10 adders
  An adder zombie (D:9)
  2 giant geckos (D:5)
  36 orcs
  3 ball pythons
  3 bat skeletons
  6 giant cockroaches
  15 hobgoblins
  13 jackals
  3 quokkas
  15 bats
  3 giant newts
  A giant spore (D:7)
  24 goblins
  A jackal skeleton (D:4)
  12 kobolds
  8 rats
  14 ballistomycetes (D:7)
  A fungus (D:6)
245 creatures vanquished.

Vanquished Creatures (collateral kills)
  A worm (D:3)
  An orc (D:3)
2 creatures vanquished.

Vanquished Creatures (others)
  A giant spore (D:7)
1 creature vanquished.

Grand Total: 248 creatures vanquished
